 Dungeon Crawl Stone Soup version 0.27-a0-773-gaaee5cf45b (webtiles) character file.

Game seed: 17558366423400056906

10723 leviel the Cleaver (level 11, -4/102 HPs)
             Began as a Hill Orc Fighter on Mar 25, 2021.
             Was a Priest of Beogh.
             Killed from afar by an ice statue (33 damage)
             ... with a shard of ice
             ... in an ice cave.
             The game lasted 00:22:56 (11677 turns).

leviel the Cleaver (Hill Orc Fighter)              Turns: 11677, Time: 00:22:57

Health: -4/102     AC: 15    Str: 30    XL:     11   Next: 66%
Magic:  11/11      EV: 11    Int: 12    God:    Beogh [***...]
Gold:   370        SH:  0    Dex: 16    Spells: 10/10 levels left

rFire    + + .     SeeInvis +   b - +7 battleaxe "Bautil" {venom, *Contam rF+ Dex+2}
rCold    . . .     Faith    +   (shield currently unavailable)
rNeg     . . .     Spirit   .   k - +0 swamp dragon scales
rPois    +         Reflect  .   (no helmet)
rElec    .         Harm     .   s - +0 cloak
rCorr    .         Rampage  .   e - +0 pair of gloves
Will     .....                  m - +0 pair of boots
Stlth    +.........             a - amulet of Coronation {Faith rC- Str+7 Int+4}
HPRegen  0.27/turn              n - ring of see invisible
MPRegen  0.12/turn              F - ring of Lido {rF+ rC+ Dex+4}

@: about to teleport
A: no striking features
a: Renounce Religion, Smiting


You were in an ice cave.
You worshipped Beogh.
Beogh was most pleased with you.
You visited 1 branch of the dungeon, and saw 11 of its levels.
You also visited: Ice Cave.

You collected 1557 gold pieces.
You spent 1187 gold pieces at shops.

Inventory:

Hand Weapons
 b - the +7 battleaxe "Bautil" (weapon) {venom, *Contam rF+ Dex+2}
   (You bought it in a shop on level 2 of the Dungeon)

   It poisons the flesh of those it strikes.
   It affects your dexterity (+2).
   It protects you from fire.
   It causes magical contamination when unequipped.
 C - a +3 battleaxe of freezing
Missiles
 c - 4 silver javelins (quivered)
Armour
 e - a +0 pair of gloves (worn)
 k - +0 swamp dragon scales (worn)
 m - a +0 pair of boots (worn)
 s - a +0 cloak (worn)
Jewellery
 a - the amulet of Coronation (around neck) {Faith rC- Str+7 Int+4}
   (You acquired it on level 10 of the Dungeon)

   [amulet of faith]

   It allows you to gain divine favour quickly.
   It affects your strength (+7).
   It affects your intelligence (+4).
   It makes you vulnerable to cold.
 d - a ring of protection from cold
 n - a ring of see invisible (right hand)
 r - a ring of flight
 y - a +4 ring of evasion
 D - an amulet of the acrobat
 F - the ring of Lido (left hand) {rF+ rC+ Dex+4}
   (You bought it in a shop on level 9 of the Dungeon)

   [ring of protection from fire]

   It affects your dexterity (+4).
   It protects you from fire.
   It protects you from cold.
 J - a +4 ring of evasion
Wands
 i - a wand of iceblast (8)
 l - a wand of random effects (6)
 u - a wand of digging (4)
 x - a wand of flame (49)
 G - a wand of mindburst (11)
Scrolls
 f - 2 scrolls of magic mapping
 g - 6 scrolls of teleportation
 h - a scroll of amnesia
 o - 2 scrolls of brand weapon
 q - 2 scrolls of enchant armour
 v - 2 scrolls of fear
 E - 2 scrolls of enchant weapon
Potions
 j - a potion of magic {unknown}
 p - a potion of heal wounds
 t - a potion of ambrosia
 w - a potion of cancellation
 z - 2 potions of curing
 A - 2 potions of flight
 B - 2 potions of lignification {unknown}
 H - 3 potions of haste {unknown}


   Skills:
 * Level 11.3 Fighting
 + Level 12.5 Axes
 - Level 0.2 Throwing
 * Level 11.1 Armour
 - Level 0.6 Dodging
 - Level 0.4 Stealth
 * Level 8.7 Shields


You had 10 spell levels left.
You didn't know any spells.
Your spell library contained the following spells:

 Spells                   Type           Power      Damage    Failure   Level
 Magic Dart               Conj           0%         1d3       41%         1
 Shock                    Conj/Air       0%         1d3       41%         1
 Blink                    Tloc           N/A        N/A       54%         2
 Call Imp                 Summ           0%         N/A       54%         2
 Searing Ray              Conj           0%         3d3       54%         2
 Slow                     Hex            0%         N/A       54%         2
 Confusing Touch          Hex            0%         N/A       78%         3
 Conjure Flame            Conj/Fire      0%         6-21      78%         3
 Dazzling Flash           Conj/Hex       0%         N/A       78%         3
 Gell's Gravitas          Tloc           0%         N/A       78%         3
 Mephitic Cloud           Conj/Pois/Air  0%         N/A       78%         3
 Fulminant Prism          Conj/Hex       0%         3d6       99%         4
 Hailstorm                Conj/Ice       0%         3d3       99%         4
 Iskenderun's Mystic Bla  Conj/Tloc      0%         2d3       99%         4
 Petrify                  Tmut/Erth      0%         N/A       99%         4
 Irradiate                Conj/Tmut      0%         3d13      100%        5
 Metabolic Englaciation   Hex/Ice        0%         N/A       100%        5
 Yara's Violent Unravell  Hex/Tmut       0%         3d3       100%        5
 Iron Shot                Conj/Erth      0%         9d1       100%        6


Dungeon Overview and Level Annotations

Branches:
Dungeon (11/15)            Temple (0/1) D:5           IceCv (1/1)
   Lair: D:8-11         Orc: D:9-12

Altars:
Fedhas
Zin
The Shining One

Shops:
D:2 :?**   D:8 (   D:9 =

Annotations:
IceCv exclusion: 2 ice statues


Message History

The ice statue gestures at you. The freezing blast misses you.
The ice beast hits you but does no damage. x2
You hit the ice statue but do no damage.
The ice statue is moderately damaged.
You slash the ice beast!
You kill the ice beast!
You barely miss the ice beast. x2; You are engulfed in freezing vapours.
The ice beast hits you but does no damage.
You slice the ice statue!!
The ice statue is severely damaged.
You hit the ice beast. You slice the ice beast!! You slash the ice beast!
You kill the ice beast!
You are engulfed in freezing vapours.
The ice statue gestures at you. The bolt of cold misses you.
The bolt of cold hits the ice beast.
The ice beast completely resists.
The bolt of cold misses the ice beast.
The ice beast hits you but does no damage.
As you read the scroll of teleportation, it crumbles to dust.
You feel strangely unstable.
You are engulfed in freezing vapours.
The ice statue gestures.
The ice beast hits you. The ice beast freezes you.
* * * LOW HITPOINT WARNING * * *
The ice beast hits you but does no damage. x2
You hit the ice statue.
The ice statue is severely damaged.
You slash the ice beast! x2; The ice beast is poisoned.
You barely miss the ice beast. The ice beast misses you.
The ice beast hits you but does no damage.
The ice beast barely misses you.
You slash the ice statue!
The ice statue is almost destroyed.
You slice the ice beast!!
You kill the ice beast!
You slash the ice beast!
The ice beast looks as sick as possible!
You closely miss the ice beast. The ice statue gestures at you. x2
The shard of ice hits you!!
You die...

###### #############
.....## ##...)?#.....##
......###......#......##
.......#.......#.......#
.......#.......#.......#
.∩..∩............(§.☼..8
.......#.......#°☼°§...#
.......#.......#YY☼§...#
......###.....§#@☼Y§..##
.....## ##....[#8...☼##
###### #############


You could see 2 ice statues and 3 ice beasts.

Vanquished Creatures
  Erolcha (D:10)
  A hydra (D:11)
  2 two-headed ogres
  The ghost of Lobster4 the Conjurer, a novice DrCj of Vehumet (D:7)
  The ghost of Atlas the Magician, a novice DjAE of Gozag (D:7)
  An ugly thing (IceCv)
  Maurice (D:11)
  An ice statue (IceCv)
  Maggie (D:6)
  7 yaks
  2 vampires
  3 steam dragons
  3 water moccasins
  4 acid dragons
  A sky beast (D:5)
  An orc warrior (D:9)
  9 ice beasts
  3 ogres
  A necrophage (D:6)
  5 centaurs
  A phantom (D:4)
  A kobold brigand (D:9)
  A bullfrog (D:7)
  4 killer bees (D:11)
  6 wights
  A howler monkey (D:10)
  3 centaur zombies
  A hound (D:4)
  A jelly (D:8)
  A bullfrog skeleton (D:5)
  3 orc priests
  A centaur skeleton (D:4)
  A gnoll shaman (D:7)
  3 iguanas
  5 orc wizards
  A hound zombie (D:5)
  3 howler monkey zombies
  8 gnolls
  3 howler monkey skeletons
  7 adders
  An ufetubus (D:6)
  An adder skeleton (D:4)
  3 worms
  3 dart slugs (D:1)
  19 orcs
  6 ball pythons
  3 bats
  6 endoplasms
  3 giant cockroaches
  12 goblins
  3 hobgoblins
  16 jackals
  3 quokkas
  3 frilled lizards
  4 kobolds
  3 rats
193 creatures vanquished.

Vanquished Creatures (collateral kills)
  A centaur (D:11)
1 creature vanquished.

Vanquished Creatures (others)
  An orc priest (D:4)
  An orc (D:11)
  A fungus (D:11)
  2 plants (D:11)
  5 withered plants (D:7)
10 creatures vanquished.

Grand Total: 204 creatures vanquished

Notes
Turn   | Place    | Note
-------+----------+-------------------------------------------
     0 | D:1      | leviel the Hill Orc Fighter began the quest for the Orb.
     0 | D:1      | Reached XP level 1. HP: 19/19 MP: 1/1
   242 | D:1      | Reached XP level 2. HP: 27/27 MP: 2/2
   370 | D:1      | Reached skill level 3 in Axes
   370 | D:1      | Reached XP level 3. HP: 19/33 MP: 3/3
   959 | D:2      | Reached XP level 4. HP: 34/40 MP: 4/4
  1063 | D:2      | Found Ykyllun's Assorted Antiques.
  1071 | D:2      | Reached skill level 4 in Axes
  1180 | D:2      | Found Puxzur's Book Shop.
  1460 | D:2      | Found Xaetaop's General Store.
  1673 | D:2      | Found Itaarink's Magic Scroll Emporium.
  2240 | D:3      | Identified a scroll of acquirement
  2240 | D:3      | Acquired 991 gold pieces
  2298 | D:2      | Bought a smouldering battleaxe for 264 gold pieces
  2298 | D:2      | Identified the +7 battleaxe "Bautil" {venom, *Contam rF+
                  | Dex+2} (You bought it in a shop on level 2 of the Dungeon)
  2331 | D:2      | Bought a scroll of magic mapping for 45 gold pieces
  2331 | D:2      | Bought a scroll of teleportation for 39 gold pieces
  2331 | D:2      | Bought a scroll of immolation for 45 gold pieces
  2331 | D:2      | Bought a scroll of identify for 26 gold pieces
  2669 | D:3      | Reached XP level 5. HP: 46/46 MP: 5/5
  2976 | D:4      | Reached skill level 5 in Axes
  3002 | D:4      | Noticed a phantom
  3007 | D:4      | Killed a phantom
  3026 | D:4      | Reached XP level 6. HP: 49/52 MP: 6/6
  3067 | D:4      | Became a worshipper of Beogh the Brigand
  3193 | D:4      | Reached skill level 6 in Axes
  3716 | D:5      | Entered Level 5 of the Dungeon
  4042 | D:5      | Reached skill level 7 in Axes
  4087 | D:5      | Reached XP level 7. HP: 55/59 MP: 7/7
  4159 | D:5      | Reached skill level 8 in Axes
  4303 | D:5      | Found a staircase to the Ecumenical Temple.
  4307 | D:5      | Reached * piety under Beogh
  4792 | D:5      | Reached skill level 5 in Armour
  5070 | D:6      | Found a glowing silver altar of Zin.
  5095 | D:6      | Reached skill level 9 in Axes
  5181 | D:6      | Reached XP level 8. HP: 67/67 MP: 8/8
  5376 | D:6      | Reached skill level 10 in Axes
  5464 | D:6      | Reached skill level 5 in Fighting
  6008 | D:6      | Noticed Maggie
  6013 | D:6      | Killed Maggie
  6320 | D:7      | Reached XP level 9. HP: 54/75 MP: 9/9
  6446 | D:7      | Reached skill level 5 in Shields
  6565 | D:7      | Found a glowing golden altar of the Shining One.
  6575 | D:7      | Found a runed translucent gate.
  6577 | D:7      | Found a runed translucent gate.
  6578 | D:7      | Found a runed translucent gate.
  6578 | D:7      | Noticed Atlas's ghost (novice DjAE)
  6578 | D:7      | Noticed Lobster4's ghost (novice DrCj)
  6614 | D:7      | Identified Vehumet's Volume of the Big Bang
  7290 | D:7      | Killed Lobster4's ghost
  7290 | D:7      | Reached ** piety under Beogh
  7301 | D:7      | Killed Atlas's ghost
  7302 | D:7      | Reached skill level 11 in Axes
  7616 | D:8      | Reached XP level 10. HP: 46/88 MP: 10/10
  8047 | D:8      | Found Moysha Ynaty's Antique Weapon Emporium.
  8050 | D:8      | Bought a fading hand axe for 152 gold pieces
  8050 | D:8      | Identified the +3 hand axe of the Valley {vorpal, *Noise
                  | +Fly rPois SInv} (You bought it in a shop on level 8 of the
                  | Dungeon)
  8667 | D:9      | Noticed a two-headed ogre
  8678 | D:9      | Killed a two-headed ogre
  8819 | D:9      | Found Caalup's Jewellery Shoppe.
  8823 | D:9      | Bought the ring of Lido {rF+ rC+ Dex+4} for 616 gold pieces
  9404 | D:10     | Entered Level 10 of the Dungeon
  9418 | D:10     | Reached skill level 10 in Fighting
  9418 | D:10     | Reached skill level 10 in Armour
  9649 | D:10     | Acquired the amulet of Coronation {Faith rC- Str+7 Int+4}
  9822 | D:10     | Noticed a brown ugly thing
  9994 | D:10     | Reached skill level 12 in Axes
 10036 | D:10     | Noticed a two-headed ogre
 10046 | D:10     | Killed a two-headed ogre
 10047 | D:10     | Reached XP level 11. HP: 43/101 MP: 11/11
 10554 | D:10     | Noticed Erolcha
 10563 | D:10     | Killed Erolcha
 10718 | D:11     | Found a blossoming altar of Fedhas.
 10718 | D:11     | Noticed Maurice
 10724 | D:11     | Killed Maurice
 10737 | D:11     | Noticed a four-headed hydra
 10754 | D:11     | Killed a nine-headed hydra
 10754 | D:11     | Reached *** piety under Beogh
 11089 | D:11     | Found a frozen archway.
 11112 | IceCv    | Entered an ice cave
 11340 | IceCv    | Noticed a white ugly thing
 11347 | IceCv    | Killed a white ugly thing
 11677 | IceCv    | Killed from afar by an ice statue

Illustrated notes

Levels and vault maps discovered:
D:1:      roderic_chinese_lattice_arrival, layout_basic,
          hangedman_abyss_or_decor_stabs, minmay_misc_feat_enclosed
D:2:      layout_basic, serial_shops, shop, shop, shop_fountains,
          nicolae_shop_waterfront
D:3:      layout_rooms
D:4:      layout_basic
D:5:      layout_loops_corners, minmay_temple_entry_proselytizer
D:6:      layout_basic, lemuel_crystal_altar, uniq_maggie
D:7:      layout_loops_corners, gammafunk_ghost_cemetery,
          hangedman_decor_growths, tso_metal_star
D:8:      layout_gridville, serial_shops, kennysheep_mini
D:9:      layout_roguey, serial_shops, nicolae_shop_behind_doors, minivault_21,
          minmay_circle_x
D:10:     layout_loops_cross, lightli_corner_chamber, uniq_erolcha
D:11:     layout_roguey, due_lair_maze_entry_diamond,
          portal_ice_cave_entry_pillars_2, fedhas_altar_3, uniq_maurice
IceCv:    ice_cave_statue_garden_chambered

Skill      XL: |  1  2  3  4  5  6  7  8  9 10 11 |
---------------+----------------------------------+-----
Axes           | 3 4 5 7 9 10 11 12 | 12.5
Shields        | 4 6 7 8 |  8.7
Armour         | 4 5 6 8 10 11 | 11.1
Fighting       | 4 6 8 10 11 | 11.3
Throwing       | |  0.2
Dodging        | |  0.6
Stealth        | |  0.4

Action                   |  1- 3 |  4- 6 |  7- 9 | 10-12 || total
-------------------------+-------+-------+-------+-------++-------
Melee: War axe           |    77 |    70 |       |       ||   147
       Battleaxe         |       |    78 |   112 |   147 ||   337
Throw: Dart              |       |       |     4 |    10 ||    14
Invok: Convert to Beogh  |       |     1 |       |       ||     1
  Use: Scroll            |       |     6 |     5 |    11 ||    22
       Potion            |       |       |     3 |     1 ||     4
Armor: Scale mail        |    38 |    30 |       |       ||    68
       Plate armour      |       |    60 |    34 |       ||    94
       Swamp dragon scal |       |       |    33 |   124 ||   157
Dodge: Dodged            |    36 |    46 |    40 |   108 ||   230
Block: Kite shield       |    43 |    43 |       |       ||    86

Table legend: (Time is in decaauts)
 A = Elapsed time spent in this place.
 B = Non-inter-level travel time spent in this place.
 C = Inter-level travel time spent in this place.
 D = Time resting spent in this place.
 E = Time spent auto-exploring this place.
 F = Levels seen in this place.
 G = Mean time per level.
                   A        B        C        D        E       F      G
               +--------+--------+--------+--------+--------+-----+--------+
         Total |  11822 |  11460 |    362 |   2597 |   7463 |  12 |  985.2 |
       Dungeon |  11256 |  10894 |    362 |   2112 |   7463 |  11 | 1023.3 |
      Ice Cave |    566 |    566 |      0 |    485 |      0 |   1 |  566.0 |
               +--------+--------+--------+--------+--------+-----+--------+

Top non-repeatable levels by time:
    D:10: 1606 daAuts
     D:5: 1363 daAuts
     D:7: 1282 daAuts
     D:6: 1194 daAuts
     D:2: 1144 daAuts
     D:8: 1067 daAuts
     D:1: 981 daAuts
     D:3: 899 daAuts
     D:9: 812 daAuts
     D:4: 795 daAuts
   IceCv: 566 daAuts
    D:11: 108 daAuts
